Map: Proxima Station LE

Players

Raze

  • Race: Terran Terran
  • Spawn Location: 1:00

CatZ - Winner!

  • Race: Zerg Zerg
  • Spawn Location: 7:00

Event: WCS Austin 2017

VOD

Have the link to the VOD?

Description

Time

  • Played on: April 28, 2017, 5:06 p.m.
  • Length: 23:02

All games in this series

Show
View Real Time Build Order
Export as new Build Order

Raze Terran 

Build Orders: MMM Bio 

Get SALT Encoding   

  12  0:00  SCV  
  13  0:12  SCV  
  14  0:18  Supply Depot  
  14  0:25  SCV  
  15  0:39  SCV  
  16  0:43  Barracks  
  16  0:51  SCV  
  17  1:11  Command Center  
  17  1:14  SCV  
  18  1:26  SCV  
  18  1:30  Marine  
  20  1:39  SCV  
  21  1:45  Refinery  
  21  1:46  Refinery  
  21  1:48  Marine  
  22  1:57  Orbital Command  
  22  2:17  Command Center  
  22  2:23  Marine  
  22  2:24  Bunker  
  23  2:30  Orbital Command  
  23  2:33  SCV  
  24  2:41  Marine  
  25  2:45  SCV  
  25  2:47  Barracks  
  26  2:53  Refinery  
  26  2:55  Refinery  
  26  2:57  SCV  
  27  2:58  Marine  
  27  2:59  SCV  
  29  3:09  SCV  
  29  3:11  SCV  
  31  3:16  Marine  
  32  3:21  SCV  
  32  3:23  SCV  
  34  3:28  Orbital Command  
  34  3:32  Barracks  
  34  3:34  SCV  
  35  3:35  SCV  
  35  3:40  Barracks Tech Lab  
  36  3:41  Supply Depot  
  36  3:44  Barracks Reactor  
  36  3:46  SCV  
  36  3:47  SCV  
  38  3:51  Factory  
  38  3:54  SCV  
  39  3:58  SCV  
  39  3:59  Marine, SCV  
  42  4:06  SCV  
  42  4:08  Stimpack  
  43  4:10  SCV  
  43  4:11  Supply Depot, SCV  
  45  4:17  Marine  
  45  4:18  SCV  
  45  4:20  Marine x2  
  45  4:21  Marine  
  45  4:22  SCV  
  45  4:23  SCV  
  52  4:25  Refinery  
  52  4:27  Refinery  
  52  4:28  Engineering Bay  
  52  4:29  Engineering Bay  
  52  4:32  SCV  
  52  4:34  SCV  
  52  4:37  Starport  
  54  4:40  Factory Reactor  
  54  4:42  Barracks Tech Lab  
  54  4:43  Marine x3  
  57  4:45  SCV  
  57  4:47  SCV  
  57  4:48  SCV  
  60  4:54  Supply Depot  
  60  4:58  SCV  
  60  4:59  SCV  
  62  5:00  Terran Infantry Weapons Level 1, SCV  
  62  5:01  Marine  
  62  5:02  Marine x2  
  62  5:05  Terran Infantry Armor Level 1  
  66  5:11  Supply Depot, SCV  
  66  5:12  SCV  
  68  5:15  Marine  
  68  5:16  Orbital Command  
  68  5:17  Supply Depot  
  68  5:18  Marine  
  68  5:19  Marine  
  71  5:21  Medivac  
  71  5:22  Medivac  
  71  5:24  SCV x2  
  77  5:32  Marine  
  77  5:33  Marine  
  77  5:34  Combat Shields  
  77  5:35  Supply Depot  
  79  5:36  Marine  
  79  5:37  Marine  
  79  5:38  Factory Reactor  
  79  5:39  SCV  
  79  5:42  SCV x2  
  84  5:46  Supply Depot  
  84  5:50  Marine  
  84  5:51  Marine, SCV  
  84  5:53  Supply Depot  
  84  5:54  Marine, SCV x2  
  84  5:57  Medivac x2  
  92  6:03  SCV  
  92  6:04  Marine  
  96  6:06  SCV  
  96  6:07  Armory  
  96  6:08  Marine  
  96  6:09  Marine  
  100  6:12  Orbital Command  
  100  6:16  Barracks  
  100  6:17  Barracks, Marine  
  81  6:21  Marine  
  71  6:25  Marine  
  71  6:27  Marine  
  71  6:28  SCV  
  71  6:30  SCV  
  65  6:35  Marine  
  65  6:39  Marine  
  64  6:43  Marine  
  64  6:44  Marine, Orbital Command  
  66  6:48  SCV  
  66  6:49  SCV  
  66  6:53  Marine  
  69  6:57  Marine  
  69  7:01  Widow Mine x2, Marine, SCV x2  
  72  7:02  Marine  
  72  7:03  Orbital Command  
  78  7:11  Marine  
  78  7:13  SCV x2  
  78  7:15  Marine  
  83  7:18  Terran Infantry Weapons Level 2, Terran Infantry Armor Level 2  
  82  7:28  SCV x2  
  84  7:31  SCV  
  84  7:34  Barracks Reactor x2, Marine x4  
  84  7:35  Widow Mine x2  
  84  7:36  Medivac x2  
  97  7:40  SCV x2  
  97  7:43  SCV  
  100  7:45  Supply Depot  
  100  7:52  SCV  
  101  8:00  Supply Depot  
  101  8:02  Supply Depot  
  101  8:04  Marine x3  
  101  8:05  Marine, SCV  
  101  8:06  SCV  
  101  8:07  SCV  
  101  8:16  Marine  
  102  8:21  Marine  
  102  8:22  Marine x5  
  102  8:23  Marine  
  102  8:25  SCV x2  
  108  8:32  SCV  
  108  8:34  Liberator x2, Marine  
  102  8:37  SCV  
  102  8:38  Unknown  
  102  8:39  Marine x3  
  102  8:40  Marine x3  
  102  8:41  Marine  
  111  8:44  Widow Mine  
  111  8:45  Widow Mine  
  111  8:52  Barracks, Marine  
  111  8:53  Barracks  
  111  8:54  Barracks  
  118  8:56  Supply Depot  
  118  8:57  Missile Turret, Marine x3  
  118  8:58  Marine x4  
  125  9:11  Concussive Shells  
  125  9:17  Marine x4  
  125  9:18  Marauder x2  
  125  9:19  Supply Depot x2  
  125  9:20  Widow Mine x2  
  126  9:30  SCV  
  110  9:37  SCV  
  102  9:41  SCV  
  102  9:43  SCV  
  104  9:53  Widow Mine x2  
  104  9:54  Medivac x2  
  112  10:00  Marine x10  
  122  10:09  Marauder  
  124  10:17  Terran Infantry Weapons Level 3, Marine, Terran Infantry Armor Level 3  
  124  10:18  Marine x4  
  124  10:19  Marauder, Marine  
  132  10:21  Widow Mine x2  
  132  10:24  Marine  
  132  10:27  Liberator x2  
  137  10:30  Marauder  
  137  10:32  Marine  
  140  10:40  Marauder, Marine  
  140  10:45  Marine x2  
  140  10:46  Marine  
  140  10:48  Supply Depot x2  
  149  10:51  Supply Depot  
  149  10:56  Marine  
  149  10:57  Missile Turret  
  149  10:58  Marine  
  149  11:00  Marine x2  
  149  11:01  Marauder x2  
  149  11:02  Marine  
  136  11:04  Marine  
  123  11:11  Marine  
  123  11:12  Widow Mine x2, Marine x2  
  123  11:14  Marine  
  123  11:18  Marine  
  132  11:22  Marauder  
  132  11:23  Marauder  
  134  11:27  Medivac x2  
  138  11:36  Marine x2  
  138  11:37  Marine x7  
  147  11:44  Marauder x2  
  145  11:54  Widow Mine x2, Marine x2  
  145  11:56  Marine  
  145  11:59  Marine  
  145  12:01  Marine x5  
  154  12:03  Unknown x4  
  154  12:05  Marauder x2  
  159  12:12  Marine x2  
  159  12:14  Marine  
  156  12:16  Marine  
  156  12:19  Marine x3  
  156  12:20  Medivac  
  144  12:23  Marine  
  144  12:26  Marauder  
  144  12:27  Marauder  
  144  12:28  Marine  
  117  12:33  Marine  
  117  12:34  Marine  
  97  12:48  Marauder x2  
  97  12:49  Medivac  
  97  12:50  Medivac  
  105  12:57  Unknown x3, Orbital Command  
  105  12:59  Marine x8  
  105  13:04  Marine  
  114  13:07  Widow Mine x2  
  114  13:09  Marauder  
  120  13:18  Marauder, Marine x4  
  120  13:19  Medivac  
  114  13:20  Medivac  
  114  13:24  Unknown  
  114  13:28  Marine  
  114  13:31  Marauder  
  114  13:34  Marine  
  108  13:39  Widow Mine  
  108  13:40  Widow Mine, Marauder  
  115  13:42  Marine x4  
  115  13:43  Marine x3  
  115  13:46  Marine  
  123  13:49  Medivac  
  123  13:50  Medivac  
  123  13:52  Marauder, Marine  
  118  14:04  Marine x3  
  118  14:06  Marine  
  118  14:07  Marine  
  118  14:08  Widow Mine x2, Marine x3  
  120  14:12  Marine x2  
  113  14:18  Marine  
  113  14:20  Medivac x2  
  113  14:21  Marine  
  113  14:22  Marine x2  
  113  14:23  Marine  
  122  14:25  Marine  
  122  14:29  Marine x3  
  122  14:30  Marine x2  
  120  14:35  Liberator  
  120  14:36  Marine  
  113  14:39  Marine  
  113  14:40  Marine x2  
  113  14:41  Marine  
  113  14:42  Marine  
  118  14:46  Marine  
  118  14:47  Marine x2  
  118  14:48  Marauder  
  118  14:49  Marine  
  118  14:52  Widow Mine x2  
  128  14:55  Marauder  
  128  14:57  Marine  
  128  14:58  Marine x2  
  132  15:03  Marine x2  
  132  15:04  Marine x2  
  126  15:07  Liberator, Marine  
  126  15:09  Marine  
  126  15:15  Orbital Command  
  126  15:18  Liberator  
  124  15:23  Barracks Tech Lab  
  124  15:24  Barracks Tech Lab x2  
  124  15:27  Widow Mine x2  
  131  15:38  Marauder x2, Marine  
  125  16:08  Marauder, Marine  
  125  16:09  Marauder x4, Marine x3  
  139  16:19  Orbital Command  
  127  16:41  Unknown  
  127  16:46  Refinery  
  127  16:47  Refinery  
  127  16:48  Marine x2  
  127  16:49  Refinery, Marine x9  
  127  16:50  Refinery  
  138  17:06  Marine  
  138  17:07  Marauder  
  139  17:11  Marine  
  136  17:18  Marauder, Marine  
  136  17:20  Marine  
  136  17:21  Marauder  
  136  17:22  Marauder, Marine  
  145  17:24  Marauder, Marine  
  145  17:27  Marine  
  145  17:28  Marauder  
  149  17:36  Medivac  
  147  17:53  Medivac, Marine, Marauder  
  147  17:54  Marauder x4, Marine x5  
  165  18:04  Liberator  
  161  18:05  Liberator  
  161  18:11  Marine x2  
  161  18:12  Marine x3  
  172  18:31  Unknown x2  
  163  18:36  Marauder x2, Marine x6  
  173  18:41  Supply Depot  
  173  18:42  Supply Depot  
  173  18:43  Supply Depot x2  
  173  18:47  Liberator  
  173  18:51  Liberator  
  173  19:02  Widow Mine x2  
  173  19:03  Marauder, Marine  
  173  19:04  Marauder  
  170  19:24  Marauder, Marine  
  148  19:46  Marauder, Marine  
  151  19:53  Medivac x2  
  147  20:14  Orbital Command  
  147  20:17  Marine  
  147  20:18  Marauder  
  81  20:22  Marine  
  81  20:23  Marauder, Marine x2  
  81  20:24  Marauder, Marine  
  80  20:30  Marauder, Marine  
  80  20:33  Marauder  
  80  20:35  Marine  
  85  20:39  Marine  
  85  20:40  Marine x3  
  85  20:41  Marine  
  88  20:56  Marauder, Marine  
  91  21:01  Marine  
  91  21:02  Marauder, Marine x2  
  96  21:11  Marine  
  96  21:12  Marauder  
  96  21:16  Marine  
  96  21:17  Marauder  
  92  21:35  Marine x3  
  92  21:36  Marauder x2, Marine x2  
  92  21:37  Marine  
  82  21:49  Marine  
Show
View Real Time Build Order
Export as new Build Order

CatZ Zerg - Winner!

Build Orders: Hatch First, Muta Ling Bane 

Get SALT Encoding   

  12  0:00  Drone  
  13  0:12  Overlord  
  13  0:17  Drone  
  14  0:31  Drone x2  
  14  0:35  Drone  
  17  0:45  Drone  
  18  0:57  Hatchery  
  17  1:00  Drone  
  18  1:14  Spawning Pool  
  18  1:17  Drone  
  18  1:27  Drone  
  19  1:37  Overlord  
  19  1:44  Drone  
  20  1:52  Drone  
  21  2:00  Drone, Queen  
  23  2:10  Hatchery  
  23  2:15  Queen  
  22  2:19  Drone  
  22  2:21  Zergling x2  
  26  2:25  Drone  
  26  2:28  Zergling x2  
  28  2:30  Zergling x2  
  29  2:40  Drone  
  30  2:46  Drone  
  30  2:47  Drone  
  30  2:51  Queen  
  32  2:54  Overlord  
  32  2:56  Drone  
  35  2:59  Extractor  
  35  3:03  Drone  
  35  3:05  Drone  
  36  3:12  Drone x2  
  38  3:13  Drone  
  38  3:16  Drone  
  38  3:18  Queen  
  42  3:24  Drone x3  
  45  3:29  Drone  
  45  3:30  Drone x2  
  45  3:32  Drone  
  48  3:35  Drone  
  48  3:37  Drone  
  50  3:41  Overlord  
  50  3:51  Overlord  
  50  3:55  Extractor  
  49  3:56  Overlord  
  49  3:58  Metabolic Boost  
  49  3:59  Queen  
  49  4:02  Drone x4  
  55  4:06  Overlord  
  55  4:10  Zergling x4  
  55  4:12  Drone  
  55  4:13  Drone x2  
  55  4:16  Drone  
  61  4:23  Drone x2  
  63  4:25  Queen  
  63  4:27  Queen, Extractor  
  63  4:28  Drone  
  63  4:29  Extractor  
  66  4:34  Drone x4  
  66  4:38  Lair  
  70  4:42  Drone  
  70  4:43  Zergling x6  
  74  4:46  Overlord  
  74  4:51  Overlord  
  74  4:55  Drone x3  
  74  4:59  Drone x2  
  79  5:01  Evolution Chamber  
  79  5:04  Zergling x6, Evolution Chamber  
  79  5:05  Zergling x2  
  81  5:09  Zergling x2  
  81  5:10  Zergling x4  
  84  5:14  Zergling x2  
  84  5:17  Drone, Baneling Nest  
  84  5:18  Drone  
  86  5:31  Zergling x12  
  86  5:34  Zergling x4, Hatchery  
  93  5:39  Zerg Melee Weapons Level 1, Zerg Ground Armor Level 1  
  93  5:46  Spire  
  93  5:49  Drone  
  92  5:52  Burrow  
  92  5:53  Drone x4  
  96  5:58  Overlord  
  96  6:02  Baneling x2  
  96  6:03  Baneling x5  
  96  6:13  Zergling x2  
  96  6:14  Overlord  
  96  6:17  Zergling x6  
  100  6:27  Zergling x6  
  98  6:35  Drone x2  
  98  6:36  Drone  
  98  6:37  Drone x3  
  98  6:38  Drone  
  103  6:40  Drone  
  103  6:41  Drone x2, Centrifical Hooks  
  103  6:42  Drone  
  103  6:46  Drone x3  
  103  6:47  Drone  
  108  6:50  Drone x5  
  113  6:56  Overlord  
  113  6:59  Baneling  
  113  7:00  Baneling x6  
  113  7:02  Overlord, Extractor  
  113  7:05  Extractor  
  113  7:06  Mutalisk x4  
  110  7:27  Zergling x2  
  110  7:28  Zergling x14  
  110  7:29  Zergling x6, Overlord  
  117  7:30  Mutalisk x3  
  117  7:36  Drone  
  117  7:37  Drone  
  125  7:40  Overlord  
  125  7:42  Hatchery  
  125  7:43  Spine Crawler  
  123  7:47  Zergling x4  
  123  7:48  Overlord, Zergling x8, Zerg Ground Armor Level 2, Extractor  
  126  7:52  Extractor  
  126  7:54  Baneling x3  
  126  7:57  Baneling x2  
  110  8:08  Zergling x22  
  110  8:10  Pneumatized Carapace  
  110  8:11  Overseer  
  114  8:13  Drone  
  114  8:14  Drone x2  
  114  8:16  Overlord  
  114  8:18  Drone x2  
  119  8:23  Drone x2  
  119  8:25  Zergling x6  
  106  8:35  Zergling x18  
  106  8:39  Overlord  
  114  8:42  Overlord  
  114  8:43  Overseer  
  114  8:45  Zergling x4  
  114  8:46  Baneling x9  
  112  8:49  Queen  
  112  8:50  Queen x2  
  112  8:51  Zergling x12  
  112  8:53  Baneling x10  
  112  8:54  Zergling x2  
  125  8:56  Overlord  
  125  9:00  Drone x5, Zerg Melee Weapons Level 2  
  130  9:04  Drone x2  
  130  9:07  Zergling x4  
  134  9:15  Zergling x4  
  136  9:17  Zergling x4  
  127  9:29  Zergling x10  
  127  9:30  Zergling x2  
  127  9:31  Zergling x6  
  124  9:32  Zergling x2  
  124  9:33  Zergling x2  
  124  9:34  Zergling x4  
  124  9:40  Zergling x8  
  124  9:41  Drone x4  
  131  9:48  Mutalisk x5  
  131  9:50  Zerg Flyer Weapons Level 1  
  141  9:56  Infestation Pit, Zergling x14  
  141  9:57  Baneling x8  
  141  9:58  Overseer, Baneling x5  
  147  10:01  Mutalisk  
  147  10:02  Mutalisk  
  147  10:03  Overlord, Hatchery  
  150  10:10  Overlord  
  148  10:17  Overseer x3  
  148  10:18  Zergling x14  
  148  10:19  Zergling x12  
  148  10:20  Baneling x9  
  160  10:34  Zergling x22  
  169  10:39  Corruptor  
  169  10:41  Overlord  
  164  10:45  Overseer x2  
  164  10:48  Zergling x2  
  165  10:50  Baneling x9  
  165  10:53  Overlord x3  
  165  10:54  Overlord  
  141  11:04  Mutalisk  
  141  11:06  Mutalisk  
  141  11:07  Mutalisk x4  
  141  11:09  Zergling x22  
  155  11:12  Zergling x10  
  155  11:16  Hive  
  160  11:25  Zergling x22  
  166  11:27  Queen  
  166  11:31  Corruptor  
  166  11:32  Corruptor x2  
  173  11:33  Zergling x8  
  173  11:36  Zergling x2  
  173  11:37  Zergling x6  
  181  11:45  Zerg Flyer Armor Level 1  
  177  11:49  Overseer x4  
  177  11:52  Extractor, Baneling x5  
  175  11:54  Extractor  
  175  11:55  Corruptor  
  175  11:56  Spore Crawler, Spine Crawler  
  175  11:57  Spore Crawler  
  172  12:01  Corruptor  
  172  12:02  Drone  
  166  12:16  Zergling x10  
  166  12:24  Corruptor x3  
  166  12:25  Corruptor x3  
  166  12:27  Zergling x6  
  166  12:28  Zergling x2  
  162  12:33  Corruptor  
  153  12:43  Mutalisk  
  153  12:44  Mutalisk x3  
  135  12:45  Zergling x8  
  135  12:46  Zergling x2  
  135  12:50  Zergling x8  
  145  12:54  Baneling x5  
  145  12:55  Baneling x4  
  145  12:58  Zergling x2  
  145  12:59  Zergling x6  
  145  13:01  Spore Crawler  
  145  13:04  Ultralisk Cavern  
  147  13:11  Zerg Melee Weapons Level 3  
  147  13:19  Overlord  
  141  13:21  Overlord, Overseer  
  141  13:22  Overseer  
  141  13:25  Zergling x2  
  136  13:27  Zergling x8  
  136  13:28  Zergling x4  
  136  13:31  Zergling x2  
  138  13:34  Mutalisk x5  
  138  13:36  Zergling x8  
  138  13:40  Zergling x2  
  138  13:41  Zergling x8  
  152  13:42  Queen  
  153  13:55  Chitinous Plating  
  151  13:57  Baneling x2  
  138  14:06  Zergling x18  
  138  14:09  Zergling x2  
  132  14:10  Zergling x12  
  129  14:20  Ultralisk  
  129  14:21  Zergling x4, Ultralisk  
  129  14:22  Zergling x8  
  140  14:26  Zergling x2  
  140  14:30  Zergling x4  
  140  14:31  Zergling x2  
  133  14:39  Zergling x26  
  133  14:42  Baneling x5  
  133  14:43  Baneling  
  146  14:54  Pathogen Glands  
  140  15:06  Hatchery  
  129  15:09  Infestor  
  129  15:10  Infestor  
  129  15:22  Overlord, Infestor, Ultralisk x2  
  143  15:31  Baneling  
  143  15:32  Baneling x2  
  143  15:36  Baneling  
  143  15:37  Baneling x7  
  143  15:41  Ultralisk  
  143  15:45  Ultralisk  
  143  15:46  Zergling x2  
  150  16:00  Overlord x2  
  150  16:09  Overlord, Overseer  
  150  16:15  Overseer  
  150  16:17  Overseer, Baneling x2  
  150  16:18  Overseer, Baneling  
  148  16:23  Ultralisk x2  
  148  16:44  Overseer x2  
  148  16:45  Overlord x2  
  148  16:52  Hatchery  
  147  16:55  Overlord  
  142  17:11  Infestor x2  
  142  17:13  Infestor  
  142  17:14  Infestor x2  
  142  17:15  Infestor x2  
  154  17:22  Zergling x6  
  157  17:34  Infestor  
  157  17:35  Overseer x2  
  151  17:44  Zergling x8  
  151  17:45  Drone  
  156  17:55  Extractor  
  156  17:56  Extractor  
  156  17:58  Drone x2  
  156  18:01  Hatchery  
  155  18:11  Zergling x4  
  154  18:14  Zergling x18  
  154  18:17  Overlord x2  
  163  18:23  Overlord  
  151  18:34  Overlord  
  151  18:38  Baneling x6  
  150  18:42  Spore Crawler x2, Spine Crawler  
  150  18:46  Infestor x2  
  150  18:47  Infestor  
  149  18:55  Zergling x14, Spire  
  150  18:56  Zergling x6  
  150  19:15  Zergling x6  
  140  19:20  Ultralisk x2  
  140  19:24  Baneling x4  
  143  19:36  Drone x2  
  143  19:37  Drone x3  
  125  19:51  Drone  
  125  19:52  Drone x5  
  118  20:05  Infestor x2  
  118  20:07  Extractor  
  120  20:08  Overlord  
  112  20:18  Infestor x5  
  86  20:30  Queen x3  
  86  20:31  Zergling x8  
  86  20:32  Zergling x6  
  86  20:33  Zergling x2  
  100  20:36  Drone x2  
  102  20:46  Zergling x2  
  102  20:47  Zergling x12  
  102  20:48  Zergling x2  
  110  20:51  Infestor  
  112  21:02  Zergling x8  
  112  21:03  Drone x3  
  117  21:08  Corruptor  
  117  21:09  Corruptor  
  113  21:20  Corruptor x2  
  108  21:37  Zergling x6  
  108  21:38  Zergling x4  
  103  21:50  Corruptor  
  103  21:51  Corruptor x3  
  106  21:57  Corruptor  
  108  22:12  Corruptor  
  108  22:13  Corruptor  
  103  22:38  Zergling x2  
  103  22:39  Zergling x6  
  107  22:48  Extractor  
  107  22:49  Extractor  
Tags
 
Add a new tag
Caveats
  • Supply blocks, unpowered buildings, or Contaminate may cause inaccurate times.
  • Supply counts are checked every 10 seconds.